AoeStats
← Aoe_Ly

Fortress

510023428Analyzed
4v4 RM · 4d ago on Sep 29, 2026· 43m 48s· 8 players
Game mode
Random Map
Map size
Huge
Population
200
Speed
Normal
Resources
Standard
Victory
Conquest
Starting age
Dark Age
Ending age
Imperial Age
RankedLock teamsTeams togetherTeam positionsShared explorationLock speedFull tech treeHidden civsTurbo modeCheats
Victory
Defeat
🇨🇳 Teutons · China
1152
+14
🇦🇷 Bulgarians · Argentina
1147
+14
🇵🇪 Saracens · Peru
1094
+16
🇨🇳 Mongols · China
1066
+17
🇺🇸 Hindustanis · United States
1157
-18
🇲🇽 Lithuanians · Mexico
1125
-16
🇫🇮 Wei · Finland
1090
-15
🇨🇦 Danes · Canada
1029
-12
Abraham16034735
7:27 Feudal Age
9:26 Horse Collar
11:57 Castle Age
11:33 Scale Barding Armor
14:24 Chain Barding Armor
13:52 Loom
15:02 Loom
20:17 Wheelbarrow
25:14 Forging
25:17 Double-Bit Axe
31:45 Imperial Age
32:05 Imperial Age
32:42 Iron Casting
33:43 Conscription
35:44 Plate Barding Armor
37:25 Bow Saw
39:13 Two-Man Saw
38:18 Elite Leitis
41:56 Hand Cart
41:28 Town Watch
42:48 Fletching
trashypanda
6:46 Feudal Age
5:04 Loom
8:19 Wheelbarrow
10:31 Castle Age
8:45 Double-Bit Axe
9:44 Horse Collar
10:00 Gold Mining
11:26 Bow Saw
13:47 Heavy Plow
15:34 Scale Mail Armor
15:44 Forging
28:14 Imperial Age
27:36 Fletching
28:02 Padded Archer Armor
28:15 Bodkin Arrow
29:03 Cranequins
32:34 Chemistry
31:45 Bracer
32:56 Heavy Scorpion
36:50 Wheelbarrow
40:32 Loom
coolmoose101
7:22 Feudal Age
12:21 Castle Age
10:37 Double-Bit Axe
11:10 Gold Mining
11:53 Horse Collar
12:49 Scale Barding Armor
20:13 Bloodlines
20:39 Loom
22:25 Husbandry
25:21 Chain Barding Armor
27:49 Heavy Plow
28:08 Bow Saw
27:52 Stone Mining
33:20 Imperial Age
31:07 Forging
33:03 Wheelbarrow
32:13 Town Watch
33:09 Iron Casting
34:43 Plate Barding Armor
33:34 Heavy Camel Rider
36:37 Blast Furnace
35:54 Imperial Camel Rider
39:01 Gold Shaft Mining
42:20 Chemistry
41:43 Ballistics
42:46 Conscription
42:46 Shatagni
44:05 Two-Man Saw
43:29 Fletching
Juuskupi
7:33 Feudal Age
9:00 Double-Bit Axe
11:23 Castle Age
9:36 Loom
9:51 Horse Collar
10:23 Gold Mining
11:06 Stone Mining
14:32 Bow Saw
17:56 Heavy Plow
21:21 Scale Barding Armor
23:11 Wheelbarrow
22:45 Town Watch
27:32 Imperial Age
25:30 Tuntian
26:10 Husbandry
26:20 Bloodlines
27:13 Gold Shaft Mining
27:59 Hand Cart
28:09 Forging
27:48 Elite Tiger Cavalry
30:59 Town Patrol
31:36 Iron Casting
31:22 Chain Barding Armor
34:38 Chemistry
33:58 Ballistics
33:34 Murder Holes
34:14 Ming Guang Armor
34:10 Conscription
34:52 Blast Furnace
37:10 Caravan
Aoe_Ly
7:44 Feudal Age
12:04 Castle Age
10:25 Double-Bit Axe
13:05 Bow Saw
13:21 Horse Collar
16:25 Wheelbarrow
18:34 Town Watch
19:05 Hand Cart
18:39 Loom
19:12 Hand Cart
22:31 Heavy Plow
22:41 Gold Mining
22:46 Stone Mining
24:49 Scale Barding Armor
24:55 Forging
26:19 Chain Barding Armor
26:35 Iron Casting
27:21 Bloodlines
27:11 Husbandry
27:50 Gold Shaft Mining
27:17 Fletching
27:54 Ballistics
27:30 Murder Holes
30:04 Masonry
33:04 Imperial Age
32:29 Town Patrol
32:09 Light Cavalry
34:45 Chemistry
33:18 Elite Mameluke
34:19 Conscription
36:28 Plate Barding Armor
36:57 Blast Furnace
35:53 Bodkin Arrow
44:56 Two-Man Saw
noob9527
6:24 Feudal Age
11:31 Castle Age
9:45 Double-Bit Axe
10:12 Horse Collar
11:45 Wheelbarrow
12:48 Bow Saw
13:04 Loom
22:45 Heavy Plow
26:09 Imperial Age
25:48 Ballistics
25:39 Masonry
25:39 Fortified Wall
26:18 Hand Cart
26:10 Husbandry
26:20 Bloodlines
26:12 Fletching
26:23 Padded Archer Armor
26:59 Gold Mining
27:25 Stone Mining
28:17 Light Cavalry
29:42 Stone Shaft Mining
30:16 Gold Shaft Mining
29:09 Hussar
30:32 Elite Steppe Lancer
31:20 Scale Barding Armor
31:25 Forging
31:04 Capped Ram
32:08 Siege Ram
33:44 Drill
33:44 Conscription
34:29 Caravan
36:35 Elite Mangudai
36:44 Heavy Camel Rider
38:01 Thumb Ring
38:01 Padded Archer Armor
38:52 Chain Barding Armor
39:30 Bodkin Arrow
41:03 Chemistry
42:43 Iron Casting
星辰
1:19 Loom
1:44 Loom
8:33 Feudal Age
12:41 Castle Age
10:54 Double-Bit Axe
11:41 Stone Mining
12:05 Gold Mining
11:58 Horse Collar
15:27 Bloodlines
15:26 Fletching
17:47 Bodkin Arrow
26:47 Wheelbarrow
32:27 Imperial Age
30:32 Bow Saw
30:25 Heavy Plow
30:50 Town Watch
31:20 Scale Barding Armor
31:46 Ballistics
32:13 Hand Cart
32:56 Gold Shaft Mining
31:56 Elite Skirmisher
34:34 Chemistry
34:10 Conscription
35:07 Pikeman
35:33 Gambesons
35:33 Arson
37:36 Halberdier
38:16 Squires
39:07 Stone Shaft Mining
39:08 Forging
38:59 Scale Mail Armor
39:00 Bracer
39:01 Padded Archer Armor
39:39 Chain Mail Armor
42:21 Iron Casting
42:17 Plate Mail Armor
42:02 Leather Archer Armor
Zarathustra
7:35 Feudal Age
11:42 Castle Age
9:29 Loom
9:43 Double-Bit Axe
11:02 Gold Mining
10:59 Horse Collar
14:38 Bow Saw
19:02 Stone Mining
19:15 Heavy Plow
20:37 Wheelbarrow
24:14 Imperial Age
23:37 Scale Mail Armor
26:04 Conscription
26:41 Chain Mail Armor
27:26 Hand Cart
27:57 Masonry
27:34 Arrowslits
28:50 Chemistry
29:09 Plate Mail Armor
28:50 Forging
30:09 Chemistry
29:05 Fletching
29:56 Crenellations
29:28 Capped Ram
32:18 Iron Casting
32:51 Elite Teutonic Knight
34:29 Ballistics
37:09 Blast Furnace
36:05 Bodkin Arrow
36:25 Town Watch
37:30 Squires
37:16 Gambesons
37:18 Arson
38:48 Siege Engineers
38:49 Padded Archer Armor
40:35 Pikeman
41:31 Leather Archer Armor
41:55 Hoardings
43:29 Two-Man Saw
43:02 Crop Rotation
Connection lost

Rejoining the realm…

Still unreachable

The connection could not be restored.

Session expired

The server has moved on; the page needs a fresh start.